 Dungeon Crawl Stone Soup version 0.32-a0-128-g77eb882913 (webtiles) character file.

Game seed: 14805755891246419857

44 Ceno the Vexing (level 3, 0/26 HPs)
             Began as a Barachi Hexslinger on Feb 8, 2024.
             Slain by Ijyb
             ... wielding a +0 club
              (1 damage)
             ... on level 3 of the Dungeon.
             The game lasted 00:03:45 (1619 turns).

Ceno the Vexing (Barachi Hexslinger)                Turns: 1619, Time: 00:03:45

Health: 0/26       AC:  4    Str:  9    XL:     3   Next: 60%
Magic:  4/4        EV: 12    Int: 15    God:
Gold:   79         SH:  0    Dex: 14    Spells: 2/4 levels left

rFire   . . .        a - +1 sling
rCold   . . .        (no shield)
rNeg    . . .        c - +0 robe
rPois   .            (no helmet)
rElec   .            (no cloak)
rCorr   .            f - +0 pair of gloves
SInv    .            j - +0 pair of boots
Will    .....        (no amulet)
Stlth   +            (no ring)
HPRegen 0.24/turn    (no ring)
MPRegen 0.09/turn

%: no passive effects
@: confused, slow
A: amphibious, slowness 1, strong legs 1, +LOS
a: Hop


You were on level 3 of the Dungeon.
You visited 1 branch of the dungeon, and saw 3 of its levels.

You collected 79 gold pieces.

Inventory:

Hand Weapons
 a - a +1 sling (weapon)
Missiles
 h - 3 darts of dispersal
Armour
 c - a +0 robe (worn)
 f - a +0 pair of gloves (worn)
 j - a +0 pair of boots (worn)
Wands
 q - a wand of charming (5)
Scrolls
 b - a scroll of poison
 e - 2 scrolls of blinking
 g - 2 scrolls of fear
 i - a scroll of teleportation
 m - a scroll of vulnerability {unknown}
Potions
 d - a potion of brilliance {unknown}
 k - a potion of resistance {unknown}
 l - 2 potions of heal wounds {unknown}
 n - a potion of lignification {unknown}
 o - a potion of enlightenment {unknown}
 p - a potion of attraction {unknown}


   Skills:
 - Level 1.2 Fighting
 * Level 3.1 Ranged Weapons
 - Level 2.1 Dodging
 + Level 1.3 Stealth
 - Level 1.1 Spellcasting
 + Level 3.7 Hexes
 - Level 1.1 Fire Magic


You had 2 spell levels left.
You knew the following spells:

 Your Spells              Type           Power      Damage    Failure   Level
a - Jinxbite              Hex            24%        N/A       8%          2

Your spell library contained the following spells:

 Spells                   Type           Power      Damage    Failure   Level
 Sigil of Binding         Hex            12%        N/A       16%         3
 Inner Flame              Hex/Fire       8%         N/A       26%         3
 Cause Fear               Hex            6%         N/A       45%         4
 Dimensional Bullseye     Hex/Tloc       3%         N/A       75%         4


Dungeon Overview and Level Annotations

Branches:
Dungeon (3/15)

Altars:

Shops:
D:1 *

Annotations:
D:3 Ijyb


Innate Abilities, Weirdness & Mutations

You are amphibious.
You cover ground slowly.
You can hop short distances.
You have an extended range of vision and can be seen from far away.


Message History

Ijyb is moderately wounded.
Ijyb closely misses you.
Ijyb zaps a wand.
You resist with significant effort. Ijyb attacks as she pursues you!
Ijyb hits you with a +0 club.
* * * LOW HITPOINT WARNING * * *
Ijyb attacks as she pursues you! Ijyb hits you with a +0 club.
* * * LOW HITPOINT WARNING * * *
You bump into the rock wall.
Ijyb zaps a wand.
Your will is overpowered!
You are more confused.
You bump into the rock wall.
Ijyb screams, "Time for continue experiment!"
Ijyb zaps a wand.
Your will is overpowered!
You are more confused.
You bump into the rock wall.
Ijyb zaps a wand.
Your will is overpowered!
You are more confused.
Ijyb attacks as she pursues you! Ijyb hits you with a +0 club.
* * * LOW HITPOINT WARNING * * *
You bump into the rock wall.
Ijyb zaps a wand.
Your will is overpowered!
You are more confused.
Ijyb hits you but does no damage.
You bump into the rock wall.
Ijyb hits you with a +0 club.
* * * LOW HITPOINT WARNING * * *
Ijyb zaps a wand.
Your will is overpowered!
You are more confused.
Ijyb zaps a wand.
Your will is overpowered!
You are more confused.
Ijyb closely misses you.
Ijyb zaps a wand.
Your will is overpowered!
You are more confused.
Ijyb barely misses you. Ijyb attacks as she pursues you!
Ijyb closely misses you.
You're too confused to move!
Ijyb hits you but does no damage.
You're too confused to move!
Ijyb zaps a wand.
Your will is overpowered!
You are more confused.
You're too confused to move!
Ijyb hits you with a +0 club.
* * * LOW HITPOINT WARNING * * *
Ijyb zaps a wand.
Your will is overpowered!
You are more confused.
Ijyb hits you with a +0 club.
You die...
Ijyb screams, "Time for next experiment!"

######## #......####.# #
##.####.....# .# #.#
##.######.########### #.#
#..<......#..........
#.###...@...###.#####.###
#......g....# #.# #....
#####.......# #.# #.###
#.......# #.# #.#.)
####.######.#####.#.#
#..............# #
########.####### # #.#
#.#


You could see Ijyb.

Vanquished Creatures
  A ribbon worm (D:2)
  A dart slug (D:2)
  8 ball pythons
  A bat (D:2)
  2 endoplasms (D:2)
  5 giant cockroaches
  2 goblins
  5 hobgoblins
  4 kobolds
  A quokka (D:2)
  5 rats
35 creatures vanquished.

Notes
Turn   | Place    | Note
-------+----------+-------------------------------------------
     0 | D:1      | Ceno the Barachi Hexslinger began the quest for the Orb.
     0 | D:1      | Reached XP level 1. HP: 15/15 MP: 2/2
    91 | D:1      | Found a faded altar of an unknown god.
   164 | D:1      | Found Voumeus's General Store.
   307 | D:1      | Reached XP level 2. HP: 21/21 MP: 3/3
   310 | D:1      | Learned a level 2 spell: Jinxbite
   891 | D:2      | Reached skill level 1 in Stealth
   953 | D:2      | Reached XP level 3. HP: 26/26 MP: 4/4
  1539 | D:3      | Noticed Ijyb
  1616 | D:3      | HP: 1/26 [Ijyb/+0 club (4)]
  1619 | D:3      | Slain by Ijyb

Illustrated notes

Levels and vault maps discovered:
D:1:      dpeg_arrival_round_c, layout_loops_corners, serial_shops, shop,
          shapermc_ecumenical_altar_mp_highgroup,
          chequers_serial_rivers_small_b, nrook_mini_vaults
D:2:      layout_basic, minmay_pentomino_z4
D:3:      layout_basic, serial_undead, serial_undead_f, serial_undead_d,
          serial_undead_f, serial_undead_a, uniq_ijyb, uniq_terence

Skill      XL: |  1  2  3 |
---------------+----------+-----
Stealth        | 1 |  1.3
Ranged Weapons | 3 |  3.1
Fighting       | |  1.2
Dodging        | |  2.1
Spellcasting   | |  1.1
Hexes          | |  3.7
Fire Magic     | |  1.1

Action                     || total
---------------------------++-------
  Melee: Sling             ||     3
   Fire: Sling             ||   104
   Cast: Jinxbite          ||     4
Ability: Hop               ||     1
    Use: Scroll            ||     3
 Armour: Robe              ||    54
  Dodge: Dodged            ||    50

Table legend: (Time is in decaauts)
 A = Elapsed time spent in this place.
 B = Non-inter-level travel time spent in this place.
 C = Inter-level travel time spent in this place.
 D = Time resting spent in this place.
 E = Time spent auto-exploring this place.
 F = Levels seen in this place.
 G = Mean time per level.
                   A        B        C        D        E       F      G
               +--------+--------+--------+--------+--------+-----+--------+
         Total |   1913 |   1841 |     72 |      0 |   1488 |   3 |  637.7 |
       Dungeon |   1913 |   1841 |     72 |      0 |   1488 |   3 |  637.7 |
               +--------+--------+--------+--------+--------+-----+--------+

Top non-repeatable levels by time:
     D:1: 1060 daAuts
     D:2: 699 daAuts
     D:3: 153 daAuts
